Maple Leafs vs Canadiens

Created - 13 janvier 2022 at 17:12

Goals
1 2 3 T
Maple Leafs 0 0 1 1
Canadiens 2 0 1 3
Shots
1 2 3 T
Maple Leafs 4 9 9 22
Canadiens 14 10 10 34

GoalsPenalties
1st period
1. Canadiens , Mitch Marner 22 (Zach Hyman 22, Auston Matthews 35) at 3:24
2. Canadiens , Brayden Schenn 12 (Jake Muzzin 26) at 3:29
John Carlson (MON) for Hooking (Minor) at 9:26
Adam Henrique (MON) for Holding (Minor) at 14:18
2nd period
No Goal
Carson Soucy (MON) for Hooking (Minor) at 0:59
Dougie Hamilton (TOR) for High sticking (Minor) at 9:56
Matt Roy (MON) for Slashing (Minor) at 17:12
Jamie Benn (TOR) for Hooking (Minor) at 19:38
3rd period
3. Canadiens , Adam Henrique 9 (Zach Hyman 23, Jake Muzzin 27) at 1:05 (PP)
4. Maple Leafs , Jaccob Slavin 1 (Alexander Radulov 13, Jeff Carter 16) at 19:52 (PP)
William Carrier (TOR) for Tripping (Minor) at 1:57
Joakim Nordstrom (MON) for Roughing (Minor) at 5:25
Jake Muzzin (MON) for Hooking (Minor) at 10:09
Mitch Marner (MON) for Hooking (Minor) at 14:07
Joakim Nordstrom (MON) for Roughing (Minor) at 18:49
Goalie Stats
Juuse Saros (TOR), 31 saves from 34 shots - (0,912), L, 12-12-3, 60:00 minutes
Cam Talbot (MON), 21 saves from 22 shots - (0,955), W, 23-4-4, 60:00 minutes
3 StarsOfficial
1 - Zach Hyman (MON)
2 - Brayden Schenn (MON)
3 - Jake Muzzin (MON)
Referees : Dean Morton and Mike Hasenfratz
Linesman : Matt MacPherson and Don Henderson
Game Note
No Game Note



Team Name Goals Shots Shots Attemp Shots Blocked PIM HIT PP PK FO%
Maple Leafs 1224596121 / 8 (13%)146%
Canadiens 33466416261 / 3 (33%)154%

Maple Leafs
Player Name POS G A P +/- PIM HIT SHT SB MP PP MP PP SHT PK MP PK SHT FO% FOT
Alexander RadulovLW/RW0110021119:427:5000:000100% 1
Brendan GallagherRW000-1002016:077:0620:00033% 3
Dougie HamiltonD0000224123:076:3422:0900% 0
Greg PaterynD000-1010114:500:0002:4000% 0
Jaccob SlavinD1010011117:480:3012:5300% 0
Jake EvansC/RW000-1000111:480:0002:47048% 21
Jake GardinerD000-1002020:317:0410:2300% 0
Jakub VranaLW/RW0000002019:427:5010:000100% 1
Jamie BennC0000212121:357:0612:02035% 20
Jeff CarterC/LW0110011019:427:5010:00048% 25
Marcus PetterssonD000-1000020:027:5200:0000% 0
Mark JankowskiC/LW000-100006:180:0000:00043% 7
Michael GrabnerLW/RW000-100208:560:0002:380100% 2
Nikita ZadorovD000-1040315:490:0002:4500% 0
Patrik LaineLW/RW0000000023:437:5203:2300% 0
Rudolfs BalcersLW000-100109:010:0000:000100% 1
Taylor HallLW0000004019:347:0620:0000% 1
William CarrierLW000-120006:170:0000:00050% 2
Canadiens
Player Name POS G A P +/- PIM HIT SHT SB MP PP MP PP SHT PK MP PK SHT FO% FOT
Adam HenriqueC/LW1010204013:053:0821:34068% 19
Andrew CoppC/LW0001002011:530:0000:00055% 11
Auston MatthewsC/LW0111003014:492:1720:00050% 16
Brandon CarloD0002021219:340:0007:4200% 0
Brayden SchennC/LW/RW1011033014:402:4700:000100% 1
Carson SoucyD0000220019:020:0006:3300% 0
Clayton KellerLW/RW0000003011:323:0810:00050% 2
Colton SceviourC0000002014:280:0007:38060% 10
Jake MuzzinD0222222020:372:4715:5900% 0
Joakim NordstromC/LW/RW0000411012:380:0005:500100% 1
John CarlsonD0000220019:082:3801:0600% 0
Jonathan HuberdeauLW0001022114:102:1700:00067% 3
Kasperi KapanenLW/RW0000031016:060:0007:4200% 0
Matt RoyD0000220118:190:0005:5800% 0
Mitch MarnerRW1011206014:482:1710:0000% 0
Morgan RiellyD0000001020:292:3812:3400% 0
Radek FaksaC0000043013:580:0007:08135% 20
Zach HymanLW/RW0221030015:403:0800:0000% 1

Maple Leafs

5 vs 5 Forward
Line #Left WingCenterRight WingPHYDFOFWanted %Time %Time Play
1Taylor HallJamie BennPatrik Laine0053531%12:28
2Jakub VranaJeff CarterAlexander Radulov0143030%11:52
3Rudolfs BalcersJake EvansBrendan Gallagher0232523%9:01
4William CarrierMark JankowskiMichael Grabner0231016%6:18
5 vs 5 Defense
Line #DefenseDefensePHYDFOFWanted %Time %Time Play
1Jaccob SlavinDougie Hamilton0413534%13:32
2Jake GardinerNikita Zadorov0413033%13:04
3Marcus PetterssonGreg Pateryn0502531%12:10
4Jaccob SlavinDougie Hamilton032102%0:53
Power Play Forward
Line #Left WingCenterRight WingPHYDFOFWanted %Time %Time Play
1Taylor HallJamie BennBrendan Gallagher0055048%7:06
2Jakub VranaJeff CarterAlexander Radulov0145052%7:50
Power Play Defense
Line #DefenseDefensePHYDFOFWanted %Time %Time Play
1Jake GardinerDougie Hamilton0415047%7:04
2Marcus PetterssonPatrik Laine0415053%7:52
Penalty Kill 4 Players Forward
Line #CenterWingPHYDFOFWanted %Time %Time Play
1Jake EvansPatrik Laine0325051%2:47
2Jamie BennMichael Grabner0415049%2:38
Penalty Kill 4 Players Defense
Line #DefenseDefensePHYDFOFWanted %Time %Time Play
1Jaccob SlavinNikita Zadorov0505051%2:45
2Greg PaterynDougie Hamilton0505049%2:40
Penalty Kill 3 Players
Line #WingPHYDFOFWanted %Time %Time PlayDefenseDefensePHYDFOFWanted %Time %Time Play
1Jamie Benn032500%0:00 Jaccob SlavinNikita Zadorov140500%0:00
2Jake Evans041500%0:00 Dougie HamiltonGreg Pateryn140500%0:00
4 vs 4 Forward
Line #CenterWingPHYDFOFWanted %Time %Time Play
1Jamie BennPatrik Laine014500%0:00
2Jeff CarterJakub Vrana014500%0:00
4 vs 4 Defense
Line #DefensePHYDFOFWanted %Time %Time Play
1Jaccob SlavinDougie Hamilton041500%0:00
2Marcus PetterssonNikita Zadorov041500%0:00
Last Minutes Offensive
Left WingCenterRight WingDefenseDefense
Taylor HallJamie BennPatrik LaineJaccob SlavinDougie Hamilton
Last Minutes Defensive
Left WingCenterRight WingDefenseDefense
Michael GrabnerMark JankowskiJake EvansJaccob SlavinDougie Hamilton
Time
Total ForwardTotal DefenseLast Minutes OffensiveLast Minutes Defensive
60:00 60:00 0:000:00
Extra Forwards
Normal PowerPlayPenalty Kill
Taylor Hall, Patrik Laine, Jamie BennJake Evans, Jeff CarterPatrik Laine
Extra Defensemen
Normal PowerPlayPenalty Kill
Nikita Zadorov, Jaccob Slavin, Dougie HamiltonMarcus Pettersson, Greg PaterynJaccob Slavin
Penalty Shots
Taylor Hall, Patrik Laine, Jakub Vrana, Alexander Radulov, Brendan Gallagher
Goalie
Juuse Saros, Aaron Dell
Custom OT Lines Forwards
Patrik Laine, Jamie Benn, Taylor Hall, Brendan Gallagher, Jakub Vrana, Alexander Radulov, Jeff Carter, Jake Evans, Michael Grabner, Rudolfs Balcers
Custom OT Lines Defensemen
Dougie Hamilton, Jaccob Slavin, Nikita Zadorov, Greg Pateryn, Marcus Pettersson
Scratches
Brendan Smith (Healthy), Antoine Roussel (Healthy), Slater Koekkoek (Healthy)

Canadiens

5 vs 5 Forward
Line #Left WingCenterRight WingPHYDFOFWanted %Time %Time Play
1Zach HymanAuston MatthewsMitch Marner0233032%12:32
2Jonathan HuberdeauAndrew CoppBrayden Schenn0322830%11:53
3Clayton KellerAdam HenriqueKasperi Kapanen0322221%8:24
4Colton SceviourRadek FaksaJoakim Nordstrom1222017%6:50
5 vs 5 Defense
Line #DefenseDefensePHYDFOFWanted %Time %Time Play
1John CarlsonCarson Soucy0233432%12:30
2Jake MuzzinBrandon Carlo0323330%11:52
3Matt RoyMorgan Rielly1223331%12:22
4John CarlsonMorgan Rielly12207%2:55
Power Play Forward
Line #Left WingCenterRight WingPHYDFOFWanted %Time %Time Play
1Jonathan HuberdeauAuston MatthewsMitch Marner0145042%2:17
2Zach HymanAdam HenriqueClayton Keller0145058%3:08
Power Play Defense
Line #DefenseDefensePHYDFOFWanted %Time %Time Play
1John CarlsonMorgan Rielly0145049%2:38
2Jake MuzzinBrayden Schenn0145051%2:47
Penalty Kill 4 Players Forward
Line #CenterWingPHYDFOFWanted %Time %Time Play
1Radek FaksaKasperi Kapanen0415048%7:08
2Colton SceviourJoakim Nordstrom0415052%7:48
Penalty Kill 4 Players Defense
Line #DefenseDefensePHYDFOFWanted %Time %Time Play
1Jake MuzzinMatt Roy0415048%7:10
2Brandon CarloCarson Soucy0415052%7:46
Penalty Kill 3 Players
Line #WingPHYDFOFWanted %Time %Time PlayDefenseDefensePHYDFOFWanted %Time %Time Play
1Radek Faksa050500%0:00 Carson SoucyBrandon Carlo050500%0:00
2Andrew Copp050500%0:00 Jake MuzzinMatt Roy050500%0:00
4 vs 4 Forward
Line #CenterWingPHYDFOFWanted %Time %Time Play
1Auston MatthewsMitch Marner023500%0:00
2Brayden SchennJonathan Huberdeau023500%0:00
4 vs 4 Defense
Line #DefensePHYDFOFWanted %Time %Time Play
1John CarlsonCarson Soucy032500%0:00
2Matt RoyMorgan Rielly032500%0:00
Last Minutes Offensive
Left WingCenterRight WingDefenseDefense
Jonathan HuberdeauAuston MatthewsMitch MarnerJohn CarlsonMorgan Rielly
Last Minutes Defensive
Left WingCenterRight WingDefenseDefense
Andrew CoppRadek FaksaJoakim NordstromJake MuzzinBrandon Carlo
Time
Total ForwardTotal DefenseLast Minutes OffensiveLast Minutes Defensive
60:00 60:00 0:000:00
Extra Forwards
Normal PowerPlayPenalty Kill
Clayton Keller, Kasperi Kapanen, Radek FaksaClayton Keller, Kasperi KapanenColton Sceviour
Extra Defensemen
Normal PowerPlayPenalty Kill
Matt Roy, Carson Soucy, Brandon CarloCarson Soucy, Morgan RiellyJohn Carlson
Penalty Shots
Auston Matthews, Clayton Keller, Jonathan Huberdeau, Kasperi Kapanen, Zach Hyman
Goalie
Cam Talbot, Frederik Andersen
Custom OT Lines Forwards
Auston Matthews, Mitch Marner, Jonathan Huberdeau, Brayden Schenn, Andrew Copp, Clayton Keller, Zach Hyman, Radek Faksa, Kasperi Kapanen, Adam Henrique
Custom OT Lines Defensemen
John Carlson, Morgan Rielly, Jake Muzzin, Brandon Carlo, Matt Roy
Scratches
Egor Korshkov (Healthy), T.J. Brodie (Healthy), Lucas Wallmark (Healthy)


Play-by-Play

1st period


0:01 of 1st period - Jamie Benn wins face-off versus Auston Matthews in neutral zone.
0:10 of 1st period - Shot by Taylor Hall.
0:10 of 1st period - Shot Misses the Net.
0:12 of 1st period - Shot by Jaccob Slavin.
0:12 of 1st period - Shot Misses the Net.
0:14 of 1st period - Shot by Dougie Hamilton.
0:14 of 1st period - Stopped by Cam Talbot without a rebound.
0:15 of 1st period - Andrew Copp wins face-off versus Jeff Carter in Canadiens zone.
0:36 of 1st period - Shot by Jakub Vrana.
0:36 of 1st period - Shot Blocked by Brandon Carlo.
0:58 of 1st period - Shot by Jonathan Huberdeau.
0:58 of 1st period - Shot Blocked by Alexander Radulov.
1:00 of 1st period - Shot by Jake Muzzin.
1:00 of 1st period - Deflect By Jonathan Huberdeau.
1:00 of 1st period - Shot Misses the Net.
1:10 of 1st period - Adam Henrique is hit by Nikita Zadorov.
1:40 of 1st period - Icing by Kasperi Kapanen.
1:41 of 1st period - Jamie Benn wins face-off versus Adam Henrique in Canadiens zone.
3:22 of 1st period - Shot by Zach Hyman.
3:22 of 1st period - Shot Misses the Net.
3:24 of 1st period - Shot by Mitch Marner.
3:24 of 1st period - Goal by Mitch Marner - Maple Leafs : 0 - Canadiens : 1.
3:25 of 1st period - Brayden Schenn wins face-off versus Mark Jankowski in neutral zone.
3:29 of 1st period - Shot by Brayden Schenn.
3:29 of 1st period - Goal by Brayden Schenn - Maple Leafs : 0 - Canadiens : 2.
3:30 of 1st period - Mark Jankowski wins face-off versus Auston Matthews in neutral zone.
4:14 of 1st period - Icing by Jaccob Slavin.
4:15 of 1st period - Mark Jankowski wins face-off versus Andrew Copp in Maple Leafs zone.
4:55 of 1st period - Shot by Andrew Copp.
4:55 of 1st period - Shot Misses the Net.
4:57 of 1st period - Shot by Jonathan Huberdeau.
4:57 of 1st period - Shot Blocked by Greg Pateryn.
4:59 of 1st period - Shot by Carson Soucy.
4:59 of 1st period - Deflect By Brayden Schenn.
4:59 of 1st period - Stopped by Juuse Saros with a rebound.
5:43 of 1st period - Shot by Radek Faksa.
5:43 of 1st period - Stopped by Juuse Saros with a rebound.
6:23 of 1st period - Shot by Mitch Marner.
6:23 of 1st period - Stopped by Juuse Saros with a rebound.
6:31 of 1st period - Shot by Mitch Marner.
6:31 of 1st period - Stopped by Juuse Saros without a rebound.
6:32 of 1st period - Adam Henrique wins face-off versus Jake Evans in Maple Leafs zone.
6:34 of 1st period - Kasperi Kapanen is hit by Jaccob Slavin and loses puck.
7:05 of 1st period - Off-side.
7:06 of 1st period - Andrew Copp wins face-off versus Jeff Carter in neutral zone.
7:06 of 1st period - Andrew Copp is hit by Alexander Radulov.
7:30 of 1st period - Shot by Jonathan Huberdeau.
7:30 of 1st period - Stopped by Juuse Saros without a rebound.
7:31 of 1st period - Auston Matthews wins face-off versus William Carrier in Maple Leafs zone.
7:42 of 1st period - Shot by Mitch Marner.
7:42 of 1st period - Stopped by Juuse Saros without a rebound.
7:43 of 1st period - Jake Evans wins face-off versus Andrew Copp in Maple Leafs zone.
7:54 of 1st period - Shot by Jonathan Huberdeau.
7:54 of 1st period - Stopped by Juuse Saros without a rebound.
7:55 of 1st period - Alexander Radulov wins face-off versus Auston Matthews in Maple Leafs zone.
8:20 of 1st period - Icing by Jake Muzzin.
8:21 of 1st period - Jake Evans wins face-off versus Auston Matthews in Canadiens zone.
9:26 of 1st period - Minor Penalty to John Carlson for Hooking.
9:27 of 1st period - Colton Sceviour wins face-off versus Jeff Carter in Canadiens zone.
9:45 of 1st period - Icing by Jeff Carter.
9:46 of 1st period - Jeff Carter wins face-off versus Radek Faksa in Maple Leafs zone.
9:46 of 1st period - Jeff Carter is hit by Radek Faksa.
9:55 of 1st period - Patrik Laine is hit by Radek Faksa and loses puck.
10:02 of 1st period - Brandon Carlo is hit by Jeff Carter and loses puck.
10:55 of 1st period - Shot by Dougie Hamilton.
10:55 of 1st period - Shot Misses the Net.
11:01 of 1st period - Shot by Jamie Benn.
11:01 of 1st period - Shot Blocked by Matt Roy.
11:03 of 1st period - Shot by Jake Gardiner.
11:03 of 1st period - Stopped by Cam Talbot without a rebound.
11:04 of 1st period - Radek Faksa wins face-off versus Jeff Carter in Canadiens zone.
11:51 of 1st period - Jaccob Slavin is hit by Jonathan Huberdeau.
12:13 of 1st period - Nikita Zadorov is hit by Jonathan Huberdeau and loses puck.
13:21 of 1st period - Icing by Marcus Pettersson.
13:22 of 1st period - Radek Faksa wins face-off versus Jamie Benn in Maple Leafs zone.
13:22 of 1st period - Radek Faksa is hit by Greg Pateryn.
13:30 of 1st period - Shot by Radek Faksa.
13:30 of 1st period - Deflect By Colton Sceviour.
13:30 of 1st period - Stopped by Juuse Saros without a rebound.
13:31 of 1st period - Jeff Carter wins face-off versus Adam Henrique in Maple Leafs zone.
13:40 of 1st period - Shot by Alexander Radulov.
13:40 of 1st period - Stopped by Cam Talbot without a rebound.
13:41 of 1st period - Jakub Vrana wins face-off versus Radek Faksa in Canadiens zone.
13:58 of 1st period - Icing by Jeff Carter.
13:59 of 1st period - Adam Henrique wins face-off versus Jeff Carter in Maple Leafs zone.
13:59 of 1st period - Kasperi Kapanen is hit by Nikita Zadorov.
14:02 of 1st period - Clayton Keller is hit by Nikita Zadorov and loses puck.
14:18 of 1st period - Minor Penalty to Adam Henrique for Holding.
14:19 of 1st period - Colton Sceviour wins face-off versus Jamie Benn in Canadiens zone.
15:46 of 1st period - Shot by Jeff Carter.
15:46 of 1st period - Shot Misses the Net.
15:48 of 1st period - Shot by Dougie Hamilton.
15:48 of 1st period - Stopped by Cam Talbot without a rebound.
15:49 of 1st period - Jeff Carter wins face-off versus Radek Faksa in Canadiens zone.
16:11 of 1st period - Off-side.
16:12 of 1st period - Jeff Carter wins face-off versus Radek Faksa in neutral zone.
16:12 of 1st period - Dougie Hamilton is hit by Kasperi Kapanen and loses puck.
17:01 of 1st period - Icing by Jaccob Slavin.
17:02 of 1st period - William Carrier wins face-off versus Radek Faksa in Maple Leafs zone.
17:04 of 1st period - Jaccob Slavin is hit by Joakim Nordstrom and loses puck.
17:37 of 1st period - Shot by Jake Muzzin.
17:37 of 1st period - Stopped by Juuse Saros with a rebound.
17:41 of 1st period - Shot by Joakim Nordstrom.
17:41 of 1st period - Shot Blocked by Nikita Zadorov.
17:43 of 1st period - Shot by Joakim Nordstrom.
17:43 of 1st period - Stopped by Juuse Saros with a rebound.
18:03 of 1st period - Shot by Auston Matthews.
18:03 of 1st period - Shot Misses the Net.
18:43 of 1st period - Shot by Kasperi Kapanen.
18:43 of 1st period - Deflect By Clayton Keller.
18:43 of 1st period - Stopped by Juuse Saros with a rebound.
18:51 of 1st period - Shot by Kasperi Kapanen.
18:51 of 1st period - Shot Blocked by Jamie Benn.
18:53 of 1st period - Shot by Kasperi Kapanen.
18:53 of 1st period - Stopped by Juuse Saros without a rebound.
18:54 of 1st period - Jeff Carter wins face-off versus Andrew Copp in Maple Leafs zone.
Goals for this period are 0 for Maple Leafs vs 2 for Canadiens.
Shots for this period are 4 for Maple Leafs vs 14 for Canadiens.

2nd period


0:01 of 2nd period - Jeff Carter wins face-off versus Auston Matthews in neutral zone.
0:22 of 2nd period - Alexander Radulov is hit by Carson Soucy and loses puck.
0:32 of 2nd period - Icing by Carson Soucy.
0:33 of 2nd period - Auston Matthews wins face-off versus Jake Evans in Canadiens zone.
0:58 of 2nd period - Brendan Gallagher is hit by John Carlson.
0:59 of 2nd period - Minor Penalty to Carson Soucy for Hooking.
1:00 of 2nd period - Jeff Carter wins face-off versus Radek Faksa in Canadiens zone.
1:15 of 2nd period - Shot by Jakub Vrana.
1:15 of 2nd period - Shot Misses the Net.
1:17 of 2nd period - Shot by Jakub Vrana.
1:17 of 2nd period - Stopped by Cam Talbot without a rebound.
1:18 of 2nd period - Jamie Benn wins face-off versus Colton Sceviour in Canadiens zone.
1:39 of 2nd period - Shot by Jamie Benn.
1:39 of 2nd period - Shot Misses the Net.
1:45 of 2nd period - Shot by Taylor Hall.
1:45 of 2nd period - Stopped by Cam Talbot without a rebound.
1:46 of 2nd period - Radek Faksa wins face-off versus Jeff Carter in Canadiens zone.
3:10 of 2nd period - Off-side.
3:11 of 2nd period - Adam Henrique wins face-off versus Brendan Gallagher in neutral zone.
3:24 of 2nd period - Shot by Clayton Keller.
3:24 of 2nd period - Shot Misses the Net.
3:54 of 2nd period - Icing by Jaccob Slavin.
3:55 of 2nd period - Jake Evans wins face-off versus Andrew Copp in Maple Leafs zone.
4:21 of 2nd period - Shot by Andrew Copp.
4:21 of 2nd period - Shot Blocked by Nikita Zadorov.
4:27 of 2nd period - Shot by Patrik Laine.
4:27 of 2nd period - Deflect By Taylor Hall.
4:27 of 2nd period - Shot Blocked by Jonathan Huberdeau.
4:29 of 2nd period - Shot by Nikita Zadorov.
4:29 of 2nd period - Shot Misses the Net.
4:37 of 2nd period - Shot by Jamie Benn.
4:37 of 2nd period - Stopped by Cam Talbot without a rebound.
4:38 of 2nd period - Joakim Nordstrom wins face-off versus Jeff Carter in Canadiens zone.
6:32 of 2nd period - Shot by Taylor Hall.
6:32 of 2nd period - Stopped by Cam Talbot without a rebound.
6:33 of 2nd period - Jonathan Huberdeau wins face-off versus Jamie Benn in Canadiens zone.
6:47 of 2nd period - Shot by Jonathan Huberdeau.
6:47 of 2nd period - Deflect By Brayden Schenn.
6:47 of 2nd period - Shot Misses the Net.
6:49 of 2nd period - Shot by Brandon Carlo.
6:49 of 2nd period - Shot Misses the Net.
6:51 of 2nd period - Shot by Jake Muzzin.
6:51 of 2nd period - Shot Misses the Net.
6:53 of 2nd period - Shot by Brandon Carlo.
6:53 of 2nd period - Stopped by Juuse Saros with a rebound.
6:55 of 2nd period - Shot by Jonathan Huberdeau.
6:55 of 2nd period - Shot Misses the Net.
6:59 of 2nd period - Shot by Andrew Copp.
6:59 of 2nd period - Stopped by Juuse Saros without a rebound.
7:00 of 2nd period - Jake Evans wins face-off versus Colton Sceviour in Maple Leafs zone.
7:06 of 2nd period - Icing by Nikita Zadorov.
7:07 of 2nd period - Radek Faksa wins face-off versus Jake Evans in Maple Leafs zone.
7:11 of 2nd period - Icing by Nikita Zadorov.
7:12 of 2nd period - Jake Evans wins face-off versus Radek Faksa in Maple Leafs zone.
7:12 of 2nd period - Jake Evans is hit by Radek Faksa.
7:17 of 2nd period - Jake Gardiner is hit by Matt Roy and loses puck.
7:29 of 2nd period - Jake Evans is hit by Matt Roy and loses puck.
8:14 of 2nd period - Shot by Mitch Marner.
8:14 of 2nd period - Stopped by Juuse Saros without a rebound.
8:15 of 2nd period - Adam Henrique wins face-off versus Jamie Benn in Maple Leafs zone.
8:42 of 2nd period - Shot by Taylor Hall.
8:42 of 2nd period - Deflect By Patrik Laine.
8:42 of 2nd period - Shot Misses the Net.
8:49 of 2nd period - Icing by Jake Muzzin.
8:50 of 2nd period - Adam Henrique wins face-off versus Jeff Carter in Canadiens zone.
9:10 of 2nd period - Alexander Radulov is hit by Jake Muzzin and loses puck.
9:56 of 2nd period - Minor Penalty to Dougie Hamilton for High sticking.
9:57 of 2nd period - Auston Matthews wins face-off versus Jake Evans in Maple Leafs zone.
9:59 of 2nd period - Mitch Marner is hit by Nikita Zadorov and loses puck.
10:10 of 2nd period - Shot by Jonathan Huberdeau.
10:10 of 2nd period - Shot Blocked by Nikita Zadorov.
10:12 of 2nd period - Shot by Auston Matthews.
10:12 of 2nd period - Stopped by Juuse Saros without a rebound.
10:13 of 2nd period - Adam Henrique wins face-off versus Jamie Benn in Maple Leafs zone.
10:18 of 2nd period - Shot by Jake Muzzin.
10:18 of 2nd period - Stopped by Juuse Saros without a rebound.
10:19 of 2nd period - Adam Henrique wins face-off versus Jamie Benn in Maple Leafs zone.
10:26 of 2nd period - Shot by Zach Hyman.
10:26 of 2nd period - Shot Blocked by Jaccob Slavin.
11:22 of 2nd period - Shot by Morgan Rielly.
11:22 of 2nd period - Shot Hit the Post.
11:24 of 2nd period - Shot by Mitch Marner.
11:24 of 2nd period - Stopped by Juuse Saros without a rebound.
11:25 of 2nd period - Auston Matthews wins face-off versus Jake Evans in Maple Leafs zone.
11:42 of 2nd period - Shot by Auston Matthews.
11:42 of 2nd period - Shot Blocked by Jake Evans.
11:44 of 2nd period - Shot by John Carlson.
11:44 of 2nd period - Shot Misses the Net.
11:46 of 2nd period - Shot by Morgan Rielly.
11:46 of 2nd period - Stopped by Juuse Saros without a rebound.
11:47 of 2nd period - Adam Henrique wins face-off versus Jake Evans in Maple Leafs zone.
11:50 of 2nd period - Shot by Zach Hyman.
11:50 of 2nd period - Deflect By Adam Henrique.
11:50 of 2nd period - Shot Misses the Net.
12:03 of 2nd period - Icing by Greg Pateryn.
12:04 of 2nd period - Radek Faksa wins face-off versus Jeff Carter in Maple Leafs zone.
12:22 of 2nd period - Shot by Jakub Vrana.
12:22 of 2nd period - Shot Misses the Net.
12:30 of 2nd period - Shot by Colton Sceviour.
12:30 of 2nd period - Shot Misses the Net.
12:32 of 2nd period - Shot by Radek Faksa.
12:32 of 2nd period - Stopped by Juuse Saros with a rebound.
13:33 of 2nd period - Shot by Brayden Schenn.
13:33 of 2nd period - Stopped by Juuse Saros without a rebound.
13:34 of 2nd period - Jake Evans wins face-off versus Zach Hyman in Maple Leafs zone.
13:36 of 2nd period - Jake Gardiner is hit by Zach Hyman and loses puck.
13:53 of 2nd period - Shot by Jake Evans.
13:53 of 2nd period - Shot Misses the Net.
14:04 of 2nd period - Icing by Brendan Gallagher.
14:05 of 2nd period - Rudolfs Balcers wins face-off versus Clayton Keller in Maple Leafs zone.
14:05 of 2nd period - Rudolfs Balcers is hit by Kasperi Kapanen.
14:11 of 2nd period - Shot by Rudolfs Balcers.
14:11 of 2nd period - Stopped by Cam Talbot without a rebound.
14:12 of 2nd period - Jamie Benn wins face-off versus Andrew Copp in Canadiens zone.
14:15 of 2nd period - Shot by Dougie Hamilton.
14:15 of 2nd period - Stopped by Cam Talbot with a rebound.
14:44 of 2nd period - Dougie Hamilton is hit by Brayden Schenn and loses puck.
15:52 of 2nd period - Jake Gardiner is hit by John Carlson and loses puck.
16:03 of 2nd period - Icing by Jake Evans.
16:04 of 2nd period - Clayton Keller wins face-off versus Jake Evans in Maple Leafs zone.
16:07 of 2nd period - Shot by Adam Henrique.
16:07 of 2nd period - Stopped by Juuse Saros with a rebound.
16:49 of 2nd period - Shot by Jakub Vrana.
16:49 of 2nd period - Stopped by Cam Talbot without a rebound.
16:50 of 2nd period - Andrew Copp wins face-off versus Jamie Benn in Canadiens zone.
16:56 of 2nd period - Icing by Jaccob Slavin.
16:57 of 2nd period - Andrew Copp wins face-off versus Jamie Benn in Maple Leafs zone.
17:01 of 2nd period - Andrew Copp is hit by Dougie Hamilton.
17:12 of 2nd period - Minor Penalty to Matt Roy for Slashing.
17:13 of 2nd period - Jeff Carter wins face-off versus Colton Sceviour in Canadiens zone.
17:34 of 2nd period - Alexander Radulov is hit by Kasperi Kapanen and loses puck.
18:22 of 2nd period - Icing by Jake Gardiner.
18:23 of 2nd period - Jamie Benn wins face-off versus Colton Sceviour in Maple Leafs zone.
18:32 of 2nd period - Shot by Dougie Hamilton.
18:32 of 2nd period - Shot Misses the Net.
18:36 of 2nd period - Shot by Jamie Benn.
18:36 of 2nd period - Stopped by Cam Talbot without a rebound.
18:37 of 2nd period - Jeff Carter wins face-off versus Radek Faksa in Canadiens zone.
18:37 of 2nd period - Jeff Carter is hit by Jake Muzzin.
18:56 of 2nd period - Off-side.
18:57 of 2nd period - Jamie Benn wins face-off versus Radek Faksa in neutral zone.
19:36 of 2nd period - Shot by Mark Jankowski.
19:36 of 2nd period - Deflect By Michael Grabner.
19:36 of 2nd period - Stopped by Cam Talbot without a rebound.
19:37 of 2nd period - Andrew Copp wins face-off versus Jamie Benn in Canadiens zone.
19:37 of 2nd period - Andrew Copp is hit by Jamie Benn.
19:38 of 2nd period - Minor Penalty to Jamie Benn for Hooking.
19:39 of 2nd period - Jake Evans wins face-off versus Adam Henrique in Maple Leafs zone.
19:52 of 2nd period - Shot by Brayden Schenn.
19:52 of 2nd period - Shot Misses the Net.
Goals for this period are 0 for Maple Leafs vs 0 for Canadiens.
Shots for this period are 9 for Maple Leafs vs 10 for Canadiens.

3rd period


0:01 of 3rd period - Jake Evans wins face-off versus Jonathan Huberdeau in neutral zone.
0:25 of 3rd period - Shot by Auston Matthews.
0:25 of 3rd period - Stopped by Juuse Saros without a rebound.
0:26 of 3rd period - Adam Henrique wins face-off versus Jake Evans in Maple Leafs zone.
0:33 of 3rd period - Shot by Zach Hyman.
0:33 of 3rd period - Shot Misses the Net.
1:03 of 3rd period - Shot by Jake Muzzin.
1:03 of 3rd period - Shot Misses the Net.
1:05 of 3rd period - Shot by Zach Hyman.
1:05 of 3rd period - Deflect By Adam Henrique.
1:05 of 3rd period - Goal by Adam Henrique - Maple Leafs : 0 - Canadiens : 3.
1:06 of 3rd period - Colton Sceviour wins face-off versus Jeff Carter in neutral zone.
1:15 of 3rd period - Shot by Joakim Nordstrom.
1:15 of 3rd period - Shot Misses the Net.
1:17 of 3rd period - Shot by Radek Faksa.
1:17 of 3rd period - Deflect By Colton Sceviour.
1:17 of 3rd period - Stopped by Juuse Saros without a rebound.
1:18 of 3rd period - Michael Grabner wins face-off versus Radek Faksa in Maple Leafs zone.
1:18 of 3rd period - Michael Grabner is hit by Radek Faksa.
1:33 of 3rd period - William Carrier is hit by Carson Soucy and loses puck.
1:57 of 3rd period - Minor Penalty to William Carrier for Tripping.
1:58 of 3rd period - Jake Evans wins face-off versus Auston Matthews in Maple Leafs zone.
2:58 of 3rd period - Shot by Adam Henrique.
2:58 of 3rd period - Stopped by Juuse Saros without a rebound.
2:59 of 3rd period - Adam Henrique wins face-off versus Jake Evans in Maple Leafs zone.
3:10 of 3rd period - Shot by Clayton Keller.
3:10 of 3rd period - Stopped by Juuse Saros without a rebound.
3:11 of 3rd period - Michael Grabner wins face-off versus Adam Henrique in Maple Leafs zone.
3:27 of 3rd period - Icing by John Carlson.
3:28 of 3rd period - Jake Evans wins face-off versus Adam Henrique in Canadiens zone.
4:04 of 3rd period - Nikita Zadorov is hit by Brandon Carlo and loses puck.
4:39 of 3rd period - Shot by Jonathan Huberdeau.
4:39 of 3rd period - Shot Hit the Post.
4:44 of 3rd period - Alexander Radulov is hit by Brayden Schenn and loses puck.
5:25 of 3rd period - Minor Penalty to Joakim Nordstrom for Roughing.
5:26 of 3rd period - Radek Faksa wins face-off versus Jamie Benn in Canadiens zone.
5:46 of 3rd period - Shot by Taylor Hall.
5:46 of 3rd period - Shot Misses the Net.
5:48 of 3rd period - Shot by Brendan Gallagher.
5:48 of 3rd period - Stopped by Cam Talbot with a rebound.
5:56 of 3rd period - Shot by Marcus Pettersson.
5:56 of 3rd period - Shot Misses the Net.
6:53 of 3rd period - Shot by Brendan Gallagher.
6:53 of 3rd period - Stopped by Cam Talbot without a rebound.
6:54 of 3rd period - Colton Sceviour wins face-off versus Jeff Carter in Canadiens zone.
7:13 of 3rd period - Shot by Dougie Hamilton.
7:13 of 3rd period - Stopped by Cam Talbot without a rebound.
7:14 of 3rd period - Radek Faksa wins face-off versus Jamie Benn in Canadiens zone.
7:31 of 3rd period - Shot by Michael Grabner.
7:31 of 3rd period - Stopped by Cam Talbot without a rebound.
7:32 of 3rd period - Auston Matthews wins face-off versus Mark Jankowski in Canadiens zone.
7:40 of 3rd period - Icing by Dougie Hamilton.
7:41 of 3rd period - Mark Jankowski wins face-off versus Auston Matthews in Maple Leafs zone.
7:41 of 3rd period - Jaccob Slavin is hit by Zach Hyman.
7:47 of 3rd period - Dougie Hamilton is hit by Zach Hyman and loses puck.
8:50 of 3rd period - Icing by John Carlson.
8:51 of 3rd period - Auston Matthews wins face-off versus Jake Evans in Canadiens zone.
9:56 of 3rd period - Shot by Taylor Hall.
9:56 of 3rd period - Shot Misses the Net.
9:58 of 3rd period - Shot by Jake Gardiner.
9:58 of 3rd period - Shot Misses the Net.
10:00 of 3rd period - Shot by Nikita Zadorov.
10:00 of 3rd period - Shot Misses the Net.
10:02 of 3rd period - Shot by Jake Gardiner.
10:02 of 3rd period - Stopped by Cam Talbot with a rebound.
10:04 of 3rd period - Shot by Taylor Hall.
10:04 of 3rd period - Stopped by Cam Talbot without a rebound.
10:05 of 3rd period - Jeff Carter wins face-off versus Adam Henrique in Canadiens zone.
10:09 of 3rd period - Minor Penalty to Jake Muzzin for Hooking.
10:10 of 3rd period - Jeff Carter wins face-off versus Radek Faksa in Canadiens zone.
10:27 of 3rd period - Shot by Jeff Carter.
10:27 of 3rd period - Stopped by Cam Talbot without a rebound.
10:28 of 3rd period - Brendan Gallagher wins face-off versus Radek Faksa in Canadiens zone.
10:31 of 3rd period - Shot by Taylor Hall.
10:31 of 3rd period - Stopped by Cam Talbot with a rebound.
10:33 of 3rd period - Shot by Marcus Pettersson.
10:33 of 3rd period - Shot Blocked by Brandon Carlo.
10:35 of 3rd period - Shot by Marcus Pettersson.
10:35 of 3rd period - Shot Misses the Net.
10:37 of 3rd period - Shot by Patrik Laine.
10:37 of 3rd period - Shot Misses the Net.
10:56 of 3rd period - Brendan Gallagher is hit by Brandon Carlo and loses puck.
12:08 of 3rd period - Off-side.
12:09 of 3rd period - Auston Matthews wins face-off versus Mark Jankowski in neutral zone.
12:23 of 3rd period - Icing by Brandon Carlo.
12:24 of 3rd period - Auston Matthews wins face-off versus Jamie Benn in Canadiens zone.
12:39 of 3rd period - Shot by Auston Matthews.
12:39 of 3rd period - Stopped by Juuse Saros without a rebound.
12:40 of 3rd period - Adam Henrique wins face-off versus Jake Evans in Maple Leafs zone.
13:03 of 3rd period - Shot by Clayton Keller.
13:03 of 3rd period - Stopped by Juuse Saros without a rebound.
13:04 of 3rd period - Jonathan Huberdeau wins face-off versus Taylor Hall in Maple Leafs zone.
13:33 of 3rd period - Shot by Andrew Copp.
13:33 of 3rd period - Stopped by Juuse Saros without a rebound.
13:34 of 3rd period - Adam Henrique wins face-off versus Jeff Carter in Maple Leafs zone.
13:34 of 3rd period - Adam Henrique is hit by Dougie Hamilton.
13:48 of 3rd period - Shot by Clayton Keller.
13:48 of 3rd period - Deflect By Kasperi Kapanen.
13:48 of 3rd period - Shot Hit the Post.
13:50 of 3rd period - Shot by Kasperi Kapanen.
13:50 of 3rd period - Shot Blocked by Dougie Hamilton.
13:52 of 3rd period - Shot by Clayton Keller.
13:52 of 3rd period - Shot Misses the Net.
14:00 of 3rd period - Shot by Clayton Keller.
14:00 of 3rd period - Shot Misses the Net.
14:02 of 3rd period - Shot by Kasperi Kapanen.
14:02 of 3rd period - Shot Misses the Net.
14:04 of 3rd period - Shot by Morgan Rielly.
14:04 of 3rd period - Shot Misses the Net.
14:06 of 3rd period - Shot by Adam Henrique.
14:06 of 3rd period - Stopped by Juuse Saros without a rebound.
14:07 of 3rd period - Jamie Benn wins face-off versus Auston Matthews in Maple Leafs zone.
14:07 of 3rd period - Minor Penalty to Mitch Marner for Hooking.
14:08 of 3rd period - Colton Sceviour wins face-off versus Jamie Benn in Canadiens zone.
15:03 of 3rd period - Shot by Radek Faksa.
15:03 of 3rd period - Stopped by Juuse Saros without a rebound.
15:04 of 3rd period - Jeff Carter wins face-off versus Radek Faksa in Maple Leafs zone.
16:28 of 3rd period - Greg Pateryn is hit by Brayden Schenn.
18:02 of 3rd period - Icing by Kasperi Kapanen.
18:03 of 3rd period - Adam Henrique wins face-off versus Jeff Carter in Canadiens zone.
18:03 of 3rd period - Clayton Keller is hit by Alexander Radulov and loses puck.
18:49 of 3rd period - Minor Penalty to Joakim Nordstrom for Roughing.
18:50 of 3rd period - Colton Sceviour wins face-off versus Brendan Gallagher in Canadiens zone.
19:50 of 3rd period - Shot by Alexander Radulov.
19:50 of 3rd period - Shot Misses the Net.
19:52 of 3rd period - Shot by Jaccob Slavin.
19:52 of 3rd period - Goal by Jaccob Slavin - Maple Leafs : 1 - Canadiens : 3.
19:53 of 3rd period - Andrew Copp wins face-off versus Mark Jankowski in neutral zone.
Goals for this period are 1 for Maple Leafs vs 1 for Canadiens.
Shots for this period are 9 for Maple Leafs vs 10 for Canadiens.